AoeStats
← [ITCF]TANK

Arena

507090403Analyzed
3v3 RM · 15d ago on Sep 16, 2026· 21m 55s· 6 players
Game mode
Random Map
Map size
Normal (6 player)
Population
200
Speed
Normal
Resources
Standard
Victory
Conquest
Starting age
Dark Age
Ending age
Imperial Age
RankedLock teamsTeams togetherTeam positionsShared explorationLock speedFull tech treeHidden civsTurbo modeCheats
Victory
Defeat
🇹🇼 Burgundians · Taiwan
1288
+17
🇹🇼 Gurjaras · Taiwan
1287
+17
🇹🇼 Mongols · Taiwan
1287
+17
🇹🇼 Cumans · Taiwan
1337
-17
🇹🇼 Teutons · Taiwan
1301
-17
🇹🇼 Armenians · Taiwan
1300
-17
打門五郎
8:47 Feudal Age
7:47 Loom
13:09 Castle Age
11:32 Double-Bit Axe
19:14 Sanctity
19:24 Redemption
20:22 Sanctity
22:52 Wheelbarrow
包皮特長的狗腿
9:01 Feudal Age
10:26 Loom
12:05 Fletching
22:58 Castle Age
打皮打皮
2:22 Loom
7:09 Loom
9:29 Feudal Age
10:36 Double-Bit Axe
11:19 Scale Mail Armor
15:42 Arson
[ITCF]Hentai
8:32 Feudal Age
9:21 Horse Collar
10:18 Loom
12:03 Loom
14:33 Double-Bit Axe
19:24 Wheelbarrow
18:45 Stone Mining
22:35 Castle Age
20:53 Gold Mining
[ITCF]TANK
6:55 Loom
9:16 Feudal Age
9:48 Double-Bit Axe
12:00 Wheelbarrow
11:20 Fletching
12:57 Horse Collar
18:52 Town Watch
22:38 Castle Age
[ITCF]yuli
11:53 Feudal Age
11:46 Loom
15:24 Castle Age
13:29 Horse Collar
13:58 Double-Bit Axe
Connection lost

Rejoining the realm…

Still unreachable

The connection could not be restored.

Session expired

The server has moved on; the page needs a fresh start.